 Dungeon Crawl Stone Soup version 0.29.1-13-g9f3cf754e1 (webtiles) character file.

Game seed: 2452633372708991733

415 tizbic2 the Chopper (level 6, -4/62 HPs)
             Began as an Ogre Air Elementalist on Feb 6, 2023.
             Was an Initiate of Cheibriados.
             Slain by Edmund
             ... wielding a +2 flail of protection
              (11 damage)
             ... on level 4 of the Dungeon on Feb 7, 2023.
             The game lasted 00:15:49 (3575 turns).

tizbic2 the Chopper (Ogre Air Elementalist)         Turns: 3575, Time: 00:15:50

Health: -4/62      AC:  3    Str: 20    XL:     6   Next: 92%
Magic:  3/11       EV: 10    Int: 19    God:    Cheibriados [......]
Gold:   260        SH:  0    Dex: 13    Spells: 9/12 levels left

rFire   . . .      SeeInvis .   k - +6 battleaxe of the Globe {pain, Dex+3}
rCold   + . .      Faith    .   (shield currently unavailable)
rNeg    . . .      Spirit   .   h - +0 robe
rPois   .          Reflect  .   (helmet restricted)
rElec   +          Harm     .   (no cloak)
rCorr   .          Rampage  .   (gloves unavailable)
Will    .....                   (boots unavailable)
Stlth   ++........              (no amulet)
HPRegen 0.20/turn               A - ring of Existentialism {rElec Str+6}
MPRegen 0.12/turn               l - ring of protection from cold

@: very slow
A: large, unfitting armour, tough skin 1
a: Renounce Religion


You were on level 4 of the Dungeon.
You worshipped Cheibriados.
Cheibriados was noncommittal.
You visited 2 branches of the dungeon, and saw 5 of its levels.
You also visited: Sewer.

You collected 260 gold pieces.

Inventory:

Hand Weapons
 e - a +0 sling
 k - the +6 battleaxe of the Globe (weapon) {pain, Dex+3}
   (You acquired it on level 3 of the Dungeon)

   In the hands of one skilled in necromantic magic, it inflicts extra damage on
   living creatures.
   Dex:       It affects your dexterity (+3).
Missiles
 f - 27 stones
 n - 4 poisoned darts
Armour
 h - a +0 robe (worn)
Jewellery
 d - a ring of see invisible
 l - a ring of protection from cold (right hand)
 q - a ring of ice
 r - an amulet of faith
 v - a ring of fire
 A - the ring of Existentialism (left hand) {rElec Str+6}
   (You found it in a sewer)

   [ring of strength]

   Str:       It affects your strength (+6).
   rElec:     It insulates you from electricity.
Scrolls
 a - a scroll of enchant armour {unknown}
 j - a scroll of vulnerability {unknown}
 m - 2 scrolls of enchant weapon {unknown}
 o - a scroll of poison {unknown}
 s - a scroll of butterflies {unknown}
 x - a scroll of teleportation
 y - 2 scrolls of fear {unknown}
 B - a scroll of identify
Potions
 b - a potion of magic
 c - 3 potions of mutation {unknown}
 g - 2 potions of attraction {unknown}
 i - a potion of degeneration {unknown}
 p - a potion of ambrosia {unknown}
 t - a potion of experience {unknown}
 u - a potion of flight
 w - 2 potions of brilliance {unknown}


   Skills:
 + Level 4.2 Fighting
 * Level 4.5 Axes
 - Level 1.7 Dodging
 - Level 1.4 Stealth
 - Level 3.8 Spellcasting
 - Level 0.8 Conjurations
 - Level 0.8 Necromancy
 - Level 3.1 Air Magic


You had 9 spell levels left.
You knew the following spells:

 Your Spells              Type           Power      Damage    Failure   Level
a - Shock                 Conj/Air       44%        1d5       6%          1
b - Static Discharge      Conj/Air       11%        3-5/arc   10%         2

Your spell library contained the following spells:

 Spells                   Type           Power      Damage    Failure   Level
 Swiftness                Air            15%        N/A       12%         3
 Airstrike                Air            7%         2d(2-18)  36%         4
 Fulminant Prism          Conj/Hex       2%         3d6       75%         4
 Iskenderun's Mystic Bla  Conj/Tloc      5%         2d3       75%         4
 Lee's Rapid Deconstruct  Erth           1%         3d5*      98%         5


Dungeon Overview and Level Annotations

Branches:
Dungeon (4/15)             Temple (1/1) D:4           Sewer (visited)

Altars:
Cheibriados
Dithmenos
Elyvilon
Hepliaklqana
Kikubaaqudgha
Makhleb
Nemelex Xobeh
Okawaru
Qazlal
Ru
Trog
Vehumet
Wu Jian
Xom
Yredelemnul
Zin
The Shining One

Annotations:
D:4 Edmund


Innate Abilities, Weirdness & Mutations

You are too large for most types of armour.
You have tough skin. (AC +1)


Message History

Edmund hits you with a +2 flail of protection!
Unknown command.
Casting: Static Discharge (safe; 10% risk of failure)
Confirm with . or Enter, or press ? or * to list all spells.
Edmund is struck by an arc of lightning.
Edmund is lightly wounded.
You resist.
You are struck by an arc of lightning.
Edmund misses you.
You slash Edmund!
Edmund is heavily wounded.
Edmund hits you with a +2 flail of protection! x2
You barely miss Edmund.
Edmund is heavily wounded.
Edmund barely misses you.
You barely miss Edmund.
Edmund is heavily wounded.
Edmund hits you with a +2 flail of protection. x2
You slash Edmund!
Edmund is severely wounded.
Edmund hits you with a +2 flail of protection!
* * * LOW HITPOINT WARNING * * *
Your magical contamination has completely faded away.
You slash Edmund!
Edmund is severely wounded.
Edmund hits you but does no damage.
You closely miss Edmund.
Edmund is severely wounded.
Edmund hits you with a +2 flail of protection.
* * * LOW HITPOINT WARNING * * *
Edmund hits you with a +2 flail of protection.
* * * LOW HITPOINT WARNING * * *
You feel better. Edmund closely misses you.
You barely miss Edmund.
Edmund is severely wounded.
Edmund hits you with a +2 flail of protection!
* * * LOW HITPOINT WARNING * * *
You barely miss Edmund.
Edmund is severely wounded.
Edmund closely misses you.
Edmund hits you with a +2 flail of protection!
You die...

.#.#.# ####.# #. .#.#.# #.#.##
#... #.# .#...# ...... #.#.##..
.#.#.# .... #.##...##.. .#...#
#...###.#.....##. .##..#
#....##........#. .##..#
#..#.##........#. .##..#
#######@.#.##.....>....
.##..######.....@................
............######.#.#####...†#..
###..######## #.#.#######.###.
#..# #..)...†........ #..#
###.#.########## ###..# #.#>#
.....# #.#.# ###.## #######.#.#
#.##########.........#


You could see Edmund.

Vanquished Creatures
  2 bullfrogs (Sewer)
  A necrophage (D:4)
  2 hounds (D:4)
  Terence (D:3)
  5 adders
  2 worms
  A dart slug (D:1)
  3 orcs (D:4)
  6 ball pythons
  3 bats (D:3)
  6 endoplasms
  8 giant cockroaches
  6 goblins
  2 hobgoblins
  9 jackals
  8 quokkas
  11 frilled lizards
  6 kobolds
  3 rats
85 creatures vanquished.

Notes
Turn   | Place    | Note
-------+----------+-------------------------------------------
     0 | D:1      | tizbic2 the Ogre Air Elementalist began the quest for the
                  | Orb.
     0 | D:1      | Reached XP level 1. HP: 16/16 MP: 3/3
   695 | D:1      | Reached skill level 1 in Fighting
   695 | D:1      | Reached XP level 2. HP: 18/27 MP: 5/5
   878 | D:2      | Learned a level 2 spell: Static Discharge
  1300 | D:2      | Reached XP level 3. HP: 32/33 MP: 5/7
  1804 | D:3      | Identified a scroll of acquirement
  1804 | D:3      | Acquired the +6 battleaxe of the Globe {pain, Dex+3}
  1894 | D:3      | Noticed Terence
  1897 | D:3      | Reached XP level 4. HP: 37/42 MP: 9/9
  1906 | D:3      | Killed Terence
  1907 | D:3      | Reached skill level 1 in Axes
  1957 | D:3      | Found a stormy altar of Qazlal.
  2350 | D:4      | Noticed a necrophage
  2357 | D:4      | Killed a necrophage
  2358 | D:4      | Reached XP level 5. HP: 32/50 MP: 10/10
  2518 | D:4      | Found a glowing drain.
  2622 | Sewer    | Entered a sewer
  2882 | Sewer    | Reached XP level 6. HP: 59/61 MP: 6/11
  2926 | Sewer    | Identified the ring of Existentialism {rElec Str+6}
  3313 | D:4      | Found an ancient bone altar of Kikubaaqudgha.
  3460 | D:4      | Found a staircase to the Ecumenical Temple.
  3470 | Temple   | Entered the Ecumenical Temple
  3497 | Temple   | Became a worshipper of Cheibriados the Contemplative
  3558 | D:4      | Noticed Edmund
  3575 | D:4      | Slain by Edmund

Illustrated notes

Levels and vault maps discovered:
D:1:      reono_arrival_forest_river, layout_basic, serial_forest,
          infiniplex_forest_clump_cross, infiniplex_forest_clump_medium,
          infiniplex_forest_lined_4_way, infiniplex_forest_zigzag_1,
          infiniplex_forest_lined_1, infiniplex_forest_corner_2,
          infiniplex_forest_lined_3
D:2:      layout_loops_ring, small_statue_intersection, minmay_cut_off
D:3:      layout_rooms, mainiacjoe_overflow_cross_hatched, uniq_terence
D:4:      layout_loops_ring, lemuel_coloured_pillars_altar,
          minmay_temple_entry_junction, cheibrodos_sewer_entry_bend,
          st_stairs_14, uniq_edmund
Temple:   hellmonk_temple_two_chambers

Skill      XL: |  1  2  3  4  5  6 |
---------------+-------------------+-----
Fighting       | 1 2 3 4 |  4.2
Spellcasting   | 3 |  3.8
Air Magic      | 3 |  3.1
Axes           | 2 3 4 |  4.5
Dodging        | |  1.7
Stealth        | |  1.4
Conjurations   | |  0.8
Necromancy     | |  0.8

Action                   |  1- 3 |  4- 6 || total
-------------------------+-------+-------++-------
Melee: Mace              |    11 |       ||    11
       Hand axe          |    22 |       ||    22
       Battleaxe         |    12 |   102 ||   114
 Fire: Sling             |    25 |       ||    25
 Cast: Shock             |    10 |    53 ||    63
       Static Discharge  |     3 |     5 ||     8
  Use: Scroll            |     2 |     2 ||     4
       Potion            |       |     1 ||     1
 Stab: Sleeping          |       |     1 ||     1
Armor: Robe              |    16 |    19 ||    35
Dodge: Dodged            |    28 |    67 ||    95
